AoeStats
← Bibigolas

Arabia

504018478Analyzed
1v1 RM · 29d ago on Sep 3, 2026· 27m 42s· 2 players
Game mode
Random Map
Map size
Tiny (2 player)
Population
200
Speed
Normal
Resources
Standard
Victory
Conquest
Starting age
Dark Age
Ending age
Imperial Age
RankedLock teamsTeams togetherTeam positionsShared explorationLock speedFull tech treeHidden civsTurbo modeCheats
Victory
Defeat
🇨🇿 Saracens · Czechia
1458
+14
🇫🇷 Burgundians · France
1421
-14
Bibigolas
7:44 Loom
9:43 Feudal Age
8:31 Double-Bit Axe
18:01 Bow Saw
18:25 Fletching
21:19 Padded Archer Armor
21:04 Horse Collar
24:51 Castle Age
23:28 Gold Mining
24:23 Scale Barding Armor
Loading...
6:27 Loom
9:17 Feudal Age
9:22 Man-at-Arms
10:39 Double-Bit Axe
18:39 Wheelbarrow
18:09 Fletching
21:20 Castle Age
19:48 Padded Archer Armor
21:07 Horse Collar
21:27 Crossbowman
22:07 Bodkin Arrow
23:42 Leather Archer Armor
Connection lost

Rejoining the realm…

Still unreachable

The connection could not be restored.

Session expired

The server has moved on; the page needs a fresh start.